 Dungeon Crawl Stone Soup version 0.30.1-11-g7821555f0a (webtiles) character file.

Game seed: 4031866349935641642

113 KittyFluff the Trooper (level 4, -4/29 HPs)
             Began as a Gargoyle Berserker on Oct 30, 2023.
             Was a Believer of Trog.
             Slain by an orc
             ... wielding a +0 lajatang
              (12 damage)
             ... on level 3 of the Dungeon.
             The game lasted 00:08:38 (1737 turns).

KittyFluff the Trooper (Gargoyle Berserker)         Turns: 1737, Time: 00:08:39

Health: -4/29      AC: 11    Str: 23    XL:     4   Next: 96%
Magic:  4/4        EV: 12    Int:  7    God:    Trog [**....]
Gold:   191        SH:  0    Dex:  9    Spells: 3/3 levels left

rFire   . . .        e - +0 quarterstaff
rCold   . . .        (shield currently unavailable)
rNeg    + . .        m - +2 animal skin
rPois   ∞            n - +2 helmet
rElec   +            (no cloak)
rCorr   .            (no gloves)
SInv    .            (no boots)
Will    .....        (no amulet)
Stlth   +            (no ring)
HPRegen 0.24/turn    (no ring)
MPRegen 0.09/turn

%: no passive effects
@: no status effects
A: sickness immunity, AC +3, negative energy resistance 1, electricity
resistance, torment resistance 1, petrification resistance
a: Renounce Religion, Berserk, Trog's Hand


You were on level 3 of the Dungeon.
You worshipped Trog.
Trog was pleased with you.
You visited 1 branch of the dungeon, and saw 3 of its levels.

You collected 191 gold pieces.

Inventory:

Hand Weapons
 a - a +0 mace
 c - a +3 sling of draining
 e - a +0 quarterstaff (weapon)
Missiles
 r - 6 boomerangs (quivered)
 s - 5 poisoned darts
Armour
 m - a +2 animal skin (worn)
 n - a +2 helmet (worn)
Scrolls
 b - a scroll of immolation {unknown}
 g - 3 scrolls of identify {unknown}
 i - a scroll of magic mapping {unknown}
 k - a scroll of amnesia {unknown}
 l - 2 scrolls of poison {unknown}
 p - a scroll of noise {unknown}
 q - 5 scrolls of teleportation {unknown}
 t - a scroll of enchant weapon {unknown}
Potions
 d - a potion of cancellation {unknown}
 f - 2 potions of curing {unknown}
 h - 2 potions of flight {unknown}
 j - 3 potions of brilliance {unknown}
 o - a potion of degeneration {unknown}


   Skills:
 + Level 3.8 Fighting
 + Level 3.6(3.7) Maces & Flails
 + Level 1.0(2.5) Staves
 * Level 3.6 Armour
 + Level 2.1 Dodging


You had 3 spell levels left.
You didn't know any spells.
Your spell library was empty.

Dungeon Overview and Level Annotations

Branches:
Dungeon (3/15)

Altars:
Cheibriados
Okawaru
Vehumet

Shops:
D:1 [=


Innate Abilities, Weirdness & Mutations

You are immune to sickness and miasma.
Your stone body is resilient. (AC +3)
You are immune to poison.
You resist negative energy. (rN+)
You are resistant to electric shocks. (rElec)
You are resistant to unholy torment.
You are immune to petrification.


Message History

The orc is severely wounded.
The orc hits you but does no damage. x2
You closely miss the orc.
The orc is severely wounded.
The orc completely misses you.
You closely miss the orc.
The orc is severely wounded.
The orc hits you but does no damage.
You hit the orc.
You kill the orc!
Trog accepts your kill.
r - 6 boomerangs (gained 3)
Things that are here:
a +0 falchion; a +0 leather armour You now have 177 gold pieces (gained 17).
You now have 191 gold pieces (gained 14).
Things that are here:
a +0 falchion; a +0 leather armour
Found a dagger.
Found a rapier.
Found a dark potion.
You see here a +0 rapier.
j - 3 dark potions (gained 1)
You see here a +0 robe.
An orc comes into view. It is wielding a +0 lajatang.
An orc wizard and an orc priest come into view.
The orc priest shouts!
An orc comes into view. It is wielding a +0 hand axe.
The orc wizard gestures wildly while chanting.
The orc wizard flickers and vanishes!
Deactivating autopickup; reactivate with Ctrl-A.
The orc shouts!
The orc barely misses you.
You barely miss the orc. The orc hits you with a +0 lajatang!
You closely miss the orc. The orc hits you with a +0 lajatang!
You closely miss the orc. The orc barely misses you.
The orc hits you with a +0 hand axe.
* * * LOW HITPOINT WARNING * * *
The orc hits you with a +0 lajatang!
You die...

#.......# #.#####...... #.#####.#
#.>..........
#.#####.################.##
#######...........†.####### #.#
..........).#.##.##.......# ##.##
.###.##.##..#.##.##.#####.# #...#
.# #.##.....o...o......##.# #...#
.###.##.##..#..#o##.##.##.# #...#
.....##.##..#..#@##[##.##.# #...#
#.#............o.##.......###...#
##..####.....#.####..#.#......†..
#)# .......# ##.#....)......
##..# .....## ###.###.........
#.#.# #.....# #...# ######...#
....######## #.### #...#
#.##.......# #.# #...#
#.##.#####.# #.# #...#


You could see an orc priest and 2 orcs.

Vanquished Creatures
  Robin (D:2)
  2 adders
  2 worms (D:2)
  3 dart slugs
  An orc (D:3)
  12 bats
  2 endoplasms (D:1)
  2 giant cockroaches
  12 goblins
  6 hobgoblins
  4 jackals (D:1)
  6 kobolds
  4 quokkas
  4 ball pythons
  A frilled lizard (D:1)
  4 rats
66 creatures vanquished.

Notes
Turn   | Place    | Note
-------+----------+-------------------------------------------
     0 | D:1      | KittyFluff the Gargoyle Berserker began the quest for the
                  | Orb.
     0 | D:1      | Reached XP level 1. HP: 14/14 MP: 1/1
   116 | D:1      | Reached XP level 2. HP: 19/19 MP: 2/2
   186 | D:1      | Found Tuossiz's One-of-a-Kind Rings.
   357 | D:1      | Reached XP level 3. HP: 23/23 MP: 3/3
   520 | D:1      | Found Aghihu's Antique Armour Shoppe.
   525 | D:1      | Reached ** piety under Trog
   682 | D:2      | Noticed Robin
   879 | D:2      | Killed Robin
   880 | D:2      | Reached XP level 4. HP: 28/29 MP: 4/4
   905 | D:2      | Found a faded altar of an unknown god.
  1178 | D:2      | Found a snail-covered altar of Cheibriados.
  1310 | D:3      | Found an iron altar of Okawaru.
  1356 | D:3      | Found a radiant altar of Vehumet.
  1436 | D:3      | Reached skill level 1 in Staves
  1737 | D:3      | Slain by an orc

Illustrated notes

Levels and vault maps discovered:
D:1:      lightli_arrival_lavapool, layout_basic, serial_shops,
          nicolae_shop_stone, nicolae_shop_unique_rings
D:2:      layout_rooms, basic_altar, hellmonk_ecumenical_altar_prayer_group,
          uniq_robin
D:3:      layout_loops_cross, kennysheep_okawaru_gauntlet,
          nicolae_vehumet_altar_sigil, serial_shops, shop

Skill      XL: |  1  2  3  4 |
---------------+-------------+-----
Armour         | 3 |  3.6
Dodging        | 2 |  2.1
Staves         | 1 |  1.0
Fighting       | |  3.8
Maces & Flails | |  3.6

Action                     |  1- 3 |  4- 6 || total
---------------------------+-------+-------++-------
  Melee: Mace              |    72 |       ||    72
         Quarterstaff      |    33 |    82 ||   115
 Invoke: Berserk           |     1 |       ||     1
 Armour: Animal skin       |    67 |    39 ||   106
  Dodge: Dodged            |   100 |    61 ||   161
